 Dungeon Crawl Stone Soup version 0.22.1-2-g9c5b331383 (webtiles) character file.

201 walar the Cudgeler (level 5, -1/42 HPs)
             Began as a Demonspawn Berserker on Dec 28, 2018.
             Was a Believer of Trog.
             Slain by an orc
             ... wielding a +0 trident
              (4 damage)
             ... on level 3 of the Dungeon.
             The game lasted 00:06:33 (2255 turns).

walar the Cudgeler (Demonspawn Berserker)           Turns: 2255, Time: 00:06:35

Health: -1/42      AC:  6    Str: 18    XL:     5   Next: 50%
Magic:  0/14       EV: 12    Int:  8    God:    Trog [**....]
Gold:   103        SH:  0    Dex: 13    Spells: 4/4 levels left

rFire    . . .     SeeInvis .   a - +0 mace
rCold    . . .     Gourm    .   (no shield)
rNeg     . . .     Faith    .   n - +0 scale mail
rPois    .         Spirit   +   (no helmet)
rElec    .         Reflect  .   (no cloak)
rCorr    .         Harm     .   (no gloves)
MR       ++...                  (no boots)
Stlth    ..........             (no amulet)
HPRegen  1.14/turn              j - ring of magical power
MPRegen  0.28/turn              (no ring)

@: berserk cooldown, regenerating, slowed, very slow
A: hooves 1, repulsion field 1, magic shield, magic regeneration
a: Berserk, Trog's Hand, Renounce Religion


You were on level 3 of the Dungeon.
You worshipped Trog.
Trog was pleased with you.
You were near starving.

You visited 1 branch of the dungeon, and saw 3 of its levels.

You collected 103 gold pieces.

Inventory:

Hand Weapons
 a - a +0 mace (weapon)
Armour
 n - a +0 scale mail (worn)
Jewellery
 j - a ring of magical power (left hand)
Scrolls
 b - a scroll of identify {unknown}
 h - a scroll of blinking {unknown}
 i - 2 scrolls of remove curse {unknown}
 k - a scroll of magic mapping {unknown}
 l - a scroll of random uselessness {unknown}
Potions
 d - 4 potions of might {unknown}
 e - a potion of flight {unknown}
 f - 2 potions of agility {unknown}
 g - a potion of haste {unknown}
Comestibles
 c - 6 rations
 m - a chunk of flesh


   Skills:
 + Level 3.9 Fighting
 + Level 4.2 Maces & Flails
 + Level 2.9 Armour
 + Level 2.2 Dodging
 + Level 0.4 Stealth


You had 4 spell levels left.
You didn't know any spells.
Your spell library was empty.

Dungeon Overview and Level Annotations

Branches:
Dungeon (3/15)

Altars:
Ashenzari
Dithmenos


Innate Abilities, Weirdness & Mutations

You have large cloven feet.
You are surrounded by a mild repulsion field. (EV +2)
When hurt, damage is shared between your health and your magic reserves.
You regenerate magic rapidly.


Message History

You kill the orc wizard!
Trog accepts your kill.
Trog appreciates your killing of a magic user.
You feel the effects of Trog's Hand fading.
The orc hits you but does no damage.
The orc hits you from afar with a trident.
The orc priest invokes the aid of Beogh against you.
Beogh smites you!
* * * LOW HITPOINT WARNING * * *
The orc hits you but does no damage.
Items here: ))) † a whip; a flail; a whip; an orc corpse You barely miss the orc.
You kick the orc, but do no damage. The orc hits you with a trident.
* * * LOW HITPOINT WARNING * * *
The orc priest mumbles some strange prayers to Beogh against you.
Beogh smites you!
* * * LOW HITPOINT WARNING * * *
The orc hits you with a trident.
You die...

##.##
#(
#.#
#.#
#.#
#.#
#)#
#)#
#.#
#@#
#o#
#o#


goo .oo ..... ..... ....... You could see 2 orc priests, 4 orcs and a hobgoblin.

Vanquished Creatures
  2 orc priests (D:3)
  2 orc wizards (D:3)
  2 adders (D:2)
  3 oozes
  A dart slug (D:1)
  A leopard gecko (D:1)
  4 orcs (D:3)
  3 giant cockroaches
  8 goblins
  2 hobgoblins
  8 jackals (D:1)
  A quokka (D:3)
  5 bats
  A frilled lizard (D:2)
  2 kobolds
  4 rats
49 creatures vanquished.

Notes
Turn   | Place    | Note
-------+----------+-------------------------------------------
     0 | D:1      | walar the Demonspawn Berserker began the quest for the Orb.
     0 | D:1      | Reached XP level 1. HP: 18/18 MP: 1/1
    78 | D:1      | Reached skill level 3 in Maces & Flails
   221 | D:1      | Gained mutation: You have large cloven feet. [demonic
                  | ancestry]
   221 | D:1      | Reached XP level 2. HP: 24/24 MP: 2/2
   648 | D:1      | Gained mutation: When hurt, damage is shared between your
                  | health and your magic reserves. [demonic ancestry]
   648 | D:1      | Reached XP level 3. HP: 19/29 MP: 3/3
  1145 | D:2      | Found a shadowy altar of Dithmenos.
  1239 | D:2      | Found a shattered altar of Ashenzari.
  1649 | D:2      | Reached ** piety under Trog
  1649 | D:2      | Gained mutation: You are surrounded by a mild repulsion
                  | field. (EV +2) [demonic ancestry]
  1649 | D:2      | Reached XP level 4. HP: 20/35 MP: 4/4
  1694 | D:2      | Found a faded altar of an unknown god.
  1900 | D:3      | Reached skill level 4 in Maces & Flails
  1900 | D:3      | Gained mutation: You regenerate magic rapidly. [demonic
                  | ancestry]
  1900 | D:3      | Reached XP level 5. HP: 41/41 MP: 5/5
  2255 | D:3      | Slain by an orc

Skill      XL: |  1  2  3  4 |
---------------+-------------+-----
Maces & Flails | 3 4 |  4.2
Armour         | 2 |  2.9
Dodging        | 2 |  2.2
Fighting       | |  3.9
Stealth        | |  0.4

Action                   |  1- 3 |  4- 6 || total
-------------------------+-------+-------++-------
Melee: Mace              |   126 |    28 ||   154
       Kick              |    16 |    10 ||    26
Invok: Berserk           |     2 |     2 ||     4
       Trog's Hand       |       |     1 ||     1
 Stab: Sleeping          |     1 |       ||     1
  Eat: Chunk             |     4 |     3 ||     7
Armor: Animal skin       |     8 |       ||     8
       Leather armour    |    21 |     1 ||    22
       Scale mail        |       |     6 ||     6
Dodge: Dodged            |    93 |    13 ||   106
